Map: Prion Terraces

Players

ArpoS - Winner!

  • Race: Terran Terran
  • League: Gold

MorN

  • Race: Terran Terran
  • League: Gold

VOD

Have the link to the VOD?

Description

Time

  • Played on: Nov. 9, 2015, 7:37 p.m.
  • Length: 8:49
Show
View Real Time Build Order
Export as new Build Order

ArpoS Terran - Winner!

Build Orders:  

Get SALT Encoding   

  12  0:01  SCV  
  13  0:15  SCV  
  14  0:24  Supply Depot  
  14  0:27  SCV  
  15  0:36  Refinery  
  15  0:45  SCV  
  15  0:48  Barracks  
  16  0:58  SCV  
  17  1:10  SCV  
  18  1:22  SCV  
  19  1:36  Orbital Command  
  19  1:39  Factory  
  19  1:40  Marine  
  20  1:47  Supply Depot  
  20  1:58  Marine  
  21  2:04  SCV  
  21  2:16  Marine  
  23  2:26  Command Center, Hellion  
  23  2:28  SCV  
  25  2:33  Marine  
  26  2:40  SCV  
  27  2:47  Hellion  
  29  2:52  Marine  
  29  2:53  SCV  
  31  3:00  Supply Depot  
  31  3:06  Starport  
  31  3:20  Factory Tech Lab  
  31  3:22  SCV, Refinery, Marine  
  31  3:24  Supply Depot  
  33  3:34  SCV  
  33  3:39  Orbital Command  
  33  3:40  Siege Tank  
  37  3:41  Marine  
  37  3:46  SCV  
  37  3:48  Supply Depot  
  38  3:58  SCV, Medivac  
  38  4:00  Barracks Reactor  
  41  4:03  Orbital Command  
  41  4:07  Barracks  
  41  4:10  SCV  
  42  4:22  SCV, Barracks  
  42  4:23  Siege Tank  
  46  4:28  SCV  
  47  4:34  SCV  
  47  4:35  Barracks Reactor  
  48  4:41  SCV  
  48  4:46  SCV  
  48  4:48  Medivac  
  48  4:51  Refinery  
  51  4:53  SCV  
  51  4:57  Barracks Tech Lab  
  51  4:59  SCV  
  53  5:05  SCV  
  54  5:11  SCV  
  55  5:17  SCV  
  56  5:23  SCV  
  57  5:30  Marine x3  
  57  5:31  Stimpack  
  57  5:33  Marine  
  57  5:34  SCV  
  62  5:35  Barracks  
  62  5:37  Command Center, Barracks  
  62  5:40  SCV  
  58  5:45  Siege Tank  
  58  5:46  SCV  
  58  5:48  Marine x2  
  64  5:50  Barracks Reactor  
  64  5:51  Starport Reactor, Marine  
  64  5:52  SCV  
  66  5:57  Engineering Bay  
  66  5:59  SCV  
  67  6:04  SCV  
  67  6:08  Marine x2  
  67  6:09  Supply Depot  
  70  6:18  Supply Depot x2, SCV x2  
  72  6:21  Supply Depot  
  72  6:30  SCV  
  73  6:35  Marine x2  
  73  6:36  SCV, Marine x2  
  73  6:39  Siege Tank  
  79  6:42  SCV  
  80  6:48  SCV  
  80  6:49  Barracks Reactor  
  80  6:50  Barracks Reactor  
  80  6:51  Missile Turret, Orbital Command  
  80  6:52  Missile Turret  
  79  6:54  SCV  
  79  6:57  Marine x4  
  79  7:00  SCV  
  79  7:01  Marine  
  86  7:02  Medivac  
  86  7:05  Medivac  
  90  7:09  Refinery  
  89  7:15  SCV  
  89  7:16  SCV, Missile Turret  
  84  7:23  Marine  
  80  7:30  Marine x8  
  80  7:33  SCV  
  80  7:36  SCV  
  90  7:39  Orbital Command  
  90  7:41  Medivac x2  
  94  7:48  SCV, Missile Turret  
  94  7:49  Missile Turret, Marine  
  96  7:55  Marine x4  
  96  7:56  Marine  
  101  8:02  Marine x3  
  101  8:04  SCV x2  
  106  8:07  Siege Tank  
  109  8:17  Marine x2  
  111  8:30  Marine x2  
  111  8:32  SCV x2  
Show
View Real Time Build Order
Export as new Build Order

MorN Terran 

Build Orders: Reaper Expand, MMM Bio 

Get SALT Encoding   

  12  0:01  SCV  
  13  0:13  SCV  
  14  0:17  Supply Depot  
  14  0:25  SCV  
  15  0:39  SCV  
  15  0:40  Barracks  
  16  0:47  Refinery  
  16  0:51  SCV  
  17  1:03  SCV  
  18  1:15  SCV  
  19  1:28  Orbital Command  
  19  1:31  Reaper  
  20  1:42  Command Center  
  20  1:56  Supply Depot  
  20  1:57  SCV  
  21  2:03  Reaper  
  21  2:09  SCV  
  22  2:21  SCV  
  23  2:33  SCV  
  24  2:43  Barracks Reactor  
  24  2:44  Barracks  
  24  2:45  SCV, Barracks  
  24  2:50  Factory  
  25  2:56  Orbital Command  
  24  2:59  SCV  
  25  3:07  Refinery  
  25  3:11  SCV  
  26  3:17  Bunker  
  26  3:19  Marine  
  25  3:20  Marine  
  25  3:23  SCV  
  25  3:25  Supply Depot, SCV  
  29  3:34  Supply Depot  
  29  3:39  Marine x2  
  31  3:45  Barracks Tech Lab, Starport  
  31  3:48  Hellion  
  33  3:53  SCV  
  33  3:58  Supply Depot, SCV  
  35  4:04  Barracks Reactor  
  35  4:05  SCV  
  35  4:06  Barracks Reactor  
  35  4:10  SCV  
  35  4:14  Hellion x2  
  35  4:16  Supply Depot  
  40  4:18  Engineering Bay  
  40  4:22  Stimpack  
  40  4:25  SCV  
  40  4:28  Marine  
  40  4:31  Starport Reactor  
  42  4:32  SCV  
  42  4:38  SCV  
  42  4:47  Hellion x2, Marine x5  
  42  4:48  SCV  
  42  4:52  Supply Depot, SCV  
  53  5:00  SCV  
  53  5:05  Supply Depot, Marine x2  
  56  5:08  Viking  
  56  5:22  Marine  
  55  5:29  Medivac  
  55  5:33  SCV  
  55  5:35  Supply Depot  
  58  5:39  SCV  
  58  5:40  Medivac  
  58  5:42  Marine x3  
  63  5:45  SCV  
  63  5:48  Supply Depot, Refinery  
  67  5:50  Hellion x2  
  67  5:51  SCV  
  67  5:54  Terran Infantry Weapons Level 1  
  70  5:57  SCV  
  70  5:58  Marine x2  
  70  6:02  Marine x2  
  76  6:04  SCV  
  76  6:05  Supply Depot  
  76  6:07  Medivac  
  78  6:20  Engineering Bay  
  78  6:22  SCV x2, Armory, Marine x2  
  82  6:34  SCV  
  82  6:39  SCV  
  84  6:40  Marine x3  
  84  6:41  Combat Shields, Marauder  
  84  6:46  SCV  
  90  6:50  Command Center  
  90  6:51  SCV  
  91  6:58  SCV, Marine x2  
  91  6:59  Medivac  
  96  7:03  SCV, Refinery  
  97  7:10  SCV, Hellion x2  
  82  7:29  Marine x5  
  73  7:40  SCV x2  
  75  7:47  Marine x2  
  75  7:48  Marauder  
  75  7:49  Barracks  
  75  7:50  Barracks  
  79  7:52  SCV  
  80  7:58  SCV  
  80  8:01  Marine  
  80  8:02  Marine  
  80  8:04  Supply Depot, Marine x2, SCV  
  86  8:14  Medivac x2  
  86  8:15  Factory Tech Lab  
  90  8:21  SCV  
  90  8:24  Marine x5  
  96  8:28  Supply Depot  
  95  8:38  Command Center  
Tags
 
Composition
MMM Bio
League
GoldGold
Matchup
TvT
Race
Terran
Replay Pack
MorN pack 1
Add a new tag
Caveats
  • Supply blocks, unpowered buildings, or Contaminate may cause inaccurate times.
  • Supply counts are checked every 10 seconds.